[Event "Early-Titled-Tuesday-Blitz-January-30-2024"]
[Site "Chess.com"]
[Date "2024.01.30"]
[Round "3"]
[White "TreinadorBR"]
[Black "IMRosen"]
[Result "0-1"]
[WhiteElo "2319"]
[BlackElo "2719"]
[TimeControl "180+1"]
[EndTime "8:30:36 PST"]
[Termination "IMRosen won on time"]

1. e4 e5 2. Nf3 Nf6 3. Bc4 Bc5 4. O-O Nc6 5. b4 Bxb4 6. c3 Be7 7. d4 Nxe4 8. Bd5 Nf6 9. Bxc6 dxc6 10. Nxe5 O-O 11. Nd2 Be6 12. Re1 c5 13. Ndf3 c6 14. Ng5 cxd4 15. cxd4 Bd5 16. Re3 h6 17. Rh3 Qb6 18. Be3 Rad8 19. Rb1 Qc7 20. Ngf3 Rfe8 21. Nh4 Be6 22. Rg3 Ne4 23. Qh5 Nxg3 24. fxg3 Bxh4 25. gxh4 Qe7 26. Rf1 Kh7 27. h3 Rd5 28. Qf3 f6 29. Nd3 Bf7 30. Bf4 Qe4 31. Qg3 Rxd4 0-1

[Event "Early-Titled-Tuesday-Blitz-January-30-2024"]
[Site "Chess.com"]
[Date "2024.01.30"]
[Round "3"]
[White "OhanyanEminChess"]
[Black "nihalsarin"]
[Result "1-0"]
[WhiteElo "2829"]
[BlackElo "3166"]
[TimeControl "180+1"]
[EndTime "8:30:37 PST"]
[Termination "OhanyanEminChess won on time"]

1. e4 c5 2. Nf3 g6 3. d4 cxd4 4. Nxd4 Nf6 5. Nc3 Nc6 6. Nxc6 bxc6 7. e5 Ng8 8. Qf3 Qa5 9. Bf4 Bg7 10. Bc4 Nh6 11.
Bxh6 Bxh6 12. Bxf7+ Kd8 13. e6 Ba6 14. Rd1 d5 15. a3 Kc7 16. b4 Qb6 17. b5 Bxb5 18. Rb1 Qc5 19. Rxb5 cxb5 20. Nxd5+ Kd6 21. O-O Qxd5 22.
Rd1 Bd2 23. Qe2 Kc6 24. Rxd2 Qc5 25. Qe4+ Kb6 26. Rd5 Qc4 27. Qe3+ Ka6 28. Rc5 Qa2 29. h4 Rhc8 30. Qe5 Rxc5 31. Qxc5 Qb1+ 32. Kh2 Qd1 33. Qxe7 1-0

[Event "Early-Titled-Tuesday-Blitz-January-30-2024"]
[Site "Chess.com"]
[Date "2024.01.30"]
[Round "3"]
[White "Quattroporte300"]
[Black "LuisFSiles"]
[Result "0-1"]
[WhiteElo "2421"]
[BlackElo "2234"]
[TimeControl "180+1"]
[EndTime "8:30:37 PST"]
[Termination "LuisFSiles won on time"]

1. e4 c5 2. c3 d5 3. exd5 Nf6 4. Nf3 Nxd5 5. d4 cxd4 6. cxd4 Nc6 7. Nc3 g6 8. Bc4 Nxc3 9. bxc3 Bg7 10. O-O O-O 11. Bf4 Na5 12. Bd3 Be6 13. Qa4 Rc8 14. Rfc1 Bc4 15.
Qd1 Bxd3 16. Qxd3 Qd5 17. Rc2 Nc4 18. Re1 e6 19. Nd2 Rc6 20. Nxc4 Qxc4 21. Rd1 Qxd3 22. Rxd3 Rfc8 23. Bd2 Rc4 24. Rb2 b6 25. Kf1 h5 26.
Ke2 Ra4 27. Re3 Ra3 28. Kd3 Bh6 29. Rf3 Bxd2 30. Kxd2 Rc4 31. Rd3 Rca4 32. c4 Rxa2 33. Rxa2 Rxa2+ 34. Ke3 Rc2 35. Ra3 a5 36. c5 bxc5 37.
Rxa5 cxd4+ 38. Kf3 Kg7 39. h4 Kf6 40. g3 e5 41. Rd5 Kf5 42. Ra5 f6 43. Rb5 g5 44.
hxg5 fxg5 45. Ra5 h4 46. gxh4 gxh4 47. Ra8 Rc3+ 48. Kg2 h3+ 49. Kh2 Ke4 50. Rf8 Rf3 0-1

[Event "Early-Titled-Tuesday-Blitz-January-30-2024"]
[Site "Chess.com"]
[Date "2024.01.30"]
[Round "3"]
[White "ricaurtelopezj1955"]
[Black "RamonManon0g"]
[Result "0-1"]
[WhiteElo "2117"]
[BlackElo "2393"]
[TimeControl "180+1"]
[EndTime "8:30:37 PST"]
[Termination "RamonManon0g won on time"]

1. e4 c5 2. Nf3 d6 3. d4 cxd4 4. Nxd4 Nf6 5. Nc3 a6 6. f4 e5 7. Nf3 Nbd7 8. Bc4 Qb6 9. Ng5 d5 10. Bxd5 Bc5 11. Bxf7+ Kf8 12. Bb3 Bf2+ 13. Kf1 Nc5 14. Qe2 Nxb3 15. axb3 Bd4 16. f5 Bd7 17. Nd5 Nxd5 18. exd5 Bxf5 19. Qf3 Qf6 20. c3 Bb6 21. Ke2 h5 22. Rf1 Bg4 23. h3 Bxf3+ 24. Rxf3 Ke7 25.
Rxf6 gxf6 26. Ne6 Rag8 27. Kf3 h4 28. Ra4 Rg3+ 29. Ke4 Rxg2 30. Rb4 Bg1 31. Rxb7+ Kd6 32. c4 Rh5 33. b4 f5+ 34. Kf3 Rg3+ 35. Ke2 f4 36.
Kf1 Be3 37. Bxe3 fxe3 38. Ke2 Rf5 39. Rb6+ Kd7 40. Rb7+ Kc8 41. Rg7 Rf2+ 0-1

[Event "Early-Titled-Tuesday-Blitz-January-30-2024"]
[Site "Chess.com"]
[Date "2024.01.30"]
[Round "3"]
[White "Chessdreamer2001"]
[Black "ansko1999"]
[Result "1-0"]
[WhiteElo "2519"]
[BlackElo "2691"]
[TimeControl "180+1"]
[EndTime "8:30:38 PST"]
[Termination "Chessdreamer2001 won on time"]

1. e4 d6 2. d4 Nf6 3. Nc3 e5 4. Nf3 Nbd7 5. g4 exd4 6. Nxd4 Ne5 7. g5 Ng8 8. f4 Bg4 9. Be2 Bxe2 10. Qxe2 Nc6 11.
Qb5 Ne7 12. Be3 Qd7 13. Nxc6 Qxc6 14. Qa5 b6 15. Qa6 h6 16. gxh6 Rxh6 17. O-O-O Rh3 18.
Bd4 g6 19. Nd5 Nxd5 20. exd5 Qxd5 21. Rhe1+ Kd7 22. Qe2 Qf3 23. Qc4 Qxf4+ 24. Kb1 Bg7 25. Rf1 Rf3 26. Rxf3 Qxf3 27. Rf1 Qxf1+ 28. Qxf1 Bxd4 29.
Qxf7+ Kc8 30. Qe8+ Kb7 31. Qe4+ c6 32. Qxd4 Re8 33. Qg7+ Ka6 34. a3 Re1+ 35. Ka2 Re2 36. Qxg6 Rxh2 37. Qxd6 c5 38. Qxh2 1-0

[Event "Early-Titled-Tuesday-Blitz-January-30-2024"]
[Site "Chess.com"]
[Date "2024.01.30"]
[Round "3"]
[White "Zhigalko_Sergei"]
[Black "mac0504"]
[Result "1-0"]
[WhiteElo "2969"]
[BlackElo "2728"]
[TimeControl "180+1"]
[EndTime "8:30:39 PST"]
[Termination "Zhigalko_Sergei won on time"]

1. e4 Nc6 2. Nf3 d6 3. d4 Nf6 4. Nc3 g6 5. Bb5 a6 6. Bxc6+ bxc6 7. h3 Bg7 8. O-O O-O 9. Re1 Bb7 10. Bf4 Nd7 11. Qd2 c5 12. Bh6 cxd4 13. Bxg7 Kxg7 14.
Nxd4 e5 15. Nb3 Nb6 16. Na5 Rb8 17. Nxb7 Rxb7 18. Rad1 Qh4 19. b3 f5 20. exf5 Rxf5 21. Ne4 Rb8 22. c4 Nd7 23. Qa5 Rb6 24. Re2 Rf4 25.
Rde1 Nf6 26. Nxf6 Qxf6 27. c5 dxc5 28. Qxc5 Rc6 29. Qxe5 Qxe5 30. Rxe5 Rc2 31. R1e2 Rxe2 32. Rxe2 Kf6 33. Rc2 Rd4 34. Rxc7 Rd1+ 35. Kh2 Rd2 36.
f3 Rxa2 37. Rxh7 a5 38. Rb7 Ke5 39. Rb6 Rb2 40. Rb5+ Kf6 41. Kg3 1-0

[Event "Early-Titled-Tuesday-Blitz-January-30-2024"]
[Site "Chess.com"]
[Date "2024.01.30"]
[Round "3"]
[White "Cayse"]
[Black "OneTrickPony_82"]
[Result "1-0"]
[WhiteElo "2849"]
[BlackElo "2536"]
[TimeControl "180+1"]
[EndTime "8:30:39 PST"]
[Termination "Cayse won on time"]

1. e4 e5 2. Nf3 Nc6 3. Nc3 Nf6 4. a4 d5 5. exd5 Nxd5 6. Bb5 Nxc3 7. bxc3 Bd6 8. O-O O-O 9. d4 exd4 10. cxd4 h6 11. c3 Qf6 12. a5 a6 13. Bd3 Bg4 14. Bb1 Bf5 15. Be3 Rfe8 16. Bxf5 Qxf5 17. Qb1 Qd5 18. Qa2 Qh5 19. Rfb1 Rab8 20. h3 Ne7 21. c4 c6 22.
Rb3 Nf5 23. Rab1 Nxe3 24. fxe3 Re7 25. Kf1 Rbe8 26. c5 Bg3 27. Qa3 Qd5 28. Rc3 Re6 29.
Qb3 Qh5 30. Qxb7 Rf6 31. Ke2 Bf4 32. Qxa6 Rfe6 33. Rbb3 Qg6 34. Kf2 Qg3+ 35. Kf1 Rxe3 36. Rxe3 Bxe3 37. Qe2 Re6 38. Rxe3 1-0

[Event "Early-Titled-Tuesday-Blitz-January-30-2024"]
[Site "Chess.com"]
[Date "2024.01.30"]
[Round "3"]
[White "UK_23"]
[Black "aghasiyevkamal"]
[Result "0-1"]
[WhiteElo "2395"]
[BlackElo "2594"]
[TimeControl "180+1"]
[EndTime "8:30:39 PST"]
[Termination "aghasiyevkamal won by resignation"]

1. e4 e5 2. Nf3 Nc6 3. d4 exd4 4. Nxd4 Bc5 5. Nxc6 Qf6 6. Qf3 Qxf3 7. gxf3 bxc6 8.
Nc3 Ne7 9. Bf4 d6 10. Bg3 f5 11. O-O-O O-O 12. Bc4+ Kh8 13. Na4 Bb6 14. Nxb6 axb6 15. Bh4 Ng6 16. Bg5 b5 17. Bb3 f4 18. h4 Ne5 19. h5 h6 20. Be7 Re8 21. Bh4 Nxf3 22.
a3 Nxh4 23. Rxh4 Rxe4 24. f3 Re8 25. Rxf4 d5 26. c3 Be6 27. Bc2 Rf8 28. Rdd4 c5 29.
Rxf8+ Rxf8 30. Rd1 Rxf3 31. Re1 Rf6 32. Bg6 Kg8 33.
b3 Kf8 34. a4 bxa4 35. bxa4 Bf7 36. Bc2 d4 37. Re5 Rf1+ 38. Kd2 Rf2+ 39. Kc1 dxc3 40. Rxc5 Rf1+ 41. Bd1 Bb3 42. Rxc3 Rxd1+ 43. Kb2 Bxa4 44. Rxc7 Be8 45. Rc5 Rh1 0-1

[Event "Early-Titled-Tuesday-Blitz-January-30-2024"]
[Site "Chess.com"]
[Date "2024.01.30"]
[Round "3"]
[White "Tunahan_Makaraci"]
[Black "GMT4114"]
[Result "1-0"]
[WhiteElo "2551"]
[BlackElo "1938"]
[TimeControl "180+1"]
[EndTime "8:30:39 PST"]
[Termination "Tunahan_Makaraci won on time"]

1. e4 e6 2. d4 d5 3. Nc3 Bb4 4. Ne2 Nf6 5. e5 Nfd7 6. a3 Be7 7. f4 c5 8. Be3 Nc6 9. g3 Qb6 10. Na4 Qa5+ 11. c3 cxd4 12. b4 Qc7 13. cxd4 b5 14.
Nc5 Nb6 15. Nc3 a6 16. Kf2 g6 17. Be2 h5 18. h3 Bb7 19. Rc1 Rd8 20. Nxb5 axb5 21.
Bxb5 O-O 22. Nxb7 Qxb7 23. Bxc6 Qa6 24. b5 Qxa3 25. Ra1 Qb2+ 26. Qe2 Qxe2+ 27. Kxe2 Nc4 28. Rhb1 Rb8 29. Ra7 Ba3 30. Bc1 Bxc1 31. Rxc1 Rfc8 32. Rxc4 dxc4 33. Kd2 Rxc6 34. bxc6 Rc8 35. c7 Kf8 36. Kc3 Ke7 37. Kxc4 Kd7 38. Kc5 Rxc7+ 39. Rxc7+ Kxc7 40. d5 exd5 41. Kxd5 Kd7 42. g4 Ke7 43. f5 hxg4 44. hxg4 gxf5 45. gxf5 Kd7 46. f6 1-0

[Event "Early-Titled-Tuesday-Blitz-January-30-2024"]
[Site "Chess.com"]
[Date "2024.01.30"]
[Round "3"]
[White "KuzubovYuriy"]
[Black "sonicdravise"]
[Result "1-0"]
[WhiteElo "2885"]
[BlackElo "2617"]
[TimeControl "180+1"]
[EndTime "8:30:40 PST"]
[Termination "KuzubovYuriy won by resignation"]

1. d4 d5 2. c4 c6 3. Nf3 Nf6 4. Nc3 a6 5. e3 Bf5 6. Nh4 Be4 7.
f3 Bg6 8. Qb3 Ra7 9. Bd2 e6 10.
Nxg6 hxg6 11. O-O-O Nbd7 12. Kb1 Qb6 13. Qc2 Bb4 14.
a3 Bxc3 15. Bxc3 Ra8 16. g4 Qc7 17. Bd3 dxc4 18. Bxc4 Nd5 19. Bxd5 cxd5 20. Rc1 Rc8 21. Qe2 Nb8 22. h4 Nc6 23. h5 gxh5 24. gxh5 f6 25. e4 Qe7 26. Rcg1 Rh7 27. Qd3 dxe4 28. fxe4 Rd8 29. d5 Ne5 30. Bxe5 fxe5 31. Rg6 exd5 32. exd5 Rh6 33. Re1 Rxg6 34. Qxg6+ Kd7 35. Rc1 Qf6 36. Qg4+ Kd6 37. Ka1 a5 38. Qc4 Kd7 39. Qb5+ Ke7 40. Qxb7+ Rd7 41. Qb5 Qd6 42. Re1 Qxd5 43.
Rxe5+ Kf6 1-0

[Event "Early-Titled-Tuesday-Blitz-January-30-2024"]
[Site "Chess.com"]
[Date "2024.01.30"]
[Round "3"]
[White "josmito10"]
[Black "DvaHrasta"]
[Result "0-1"]
[WhiteElo "2764"]
[BlackElo "2539"]
[TimeControl "180+1"]
[EndTime "8:30:40 PST"]
[Termination "DvaHrasta won on time"]

1. e4 c6 2. d4 d5 3. exd5 cxd5 4. Nf3 Nc6 5. c3 Bg4 6. Be2 e6 7. O-O Bd6 8. Nbd2 Nf6 9. Re1 O-O 10. Nf1 Qb8 11.
h3 Bh5 12. Bd3 b5 13. Bg5 b4 14. Bxf6 gxf6 15. Qc2 Bxf3 16. gxf3 Kh8 17. Kh1 bxc3 18. bxc3 Ne7 19. Ne3 f5 20. Rg1 Rg8 21. Rxg8+ Qxg8 22. Rg1 Qf8 23. Qa4 Qh6 24. Bf1 Qf4 25. Rg3 Rg8 26. Ng2 Qc1 27. Rxg8+ Kxg8 28. Kg1 Qxc3 29. Qxa7 Kg7 30. a4 Bb4 31. Qb7 Qxd4 32. a5 Bc5 33.
Ne3 f4 34. a6 fxe3 35. a7 exf2+ 36. Kg2 Qf6 37. f4 Qg6+ 38. Kf3 Qe4+ 39. Kg4 h5+ 40. Kg3 Nf5+ 41. Kh2 Qxf4+ 42. Kh1 Qf3+ 43. Bg2 f1=Q+ 0-1

[Event "Early-Titled-Tuesday-Blitz-January-30-2024"]
[Site "Chess.com"]
[Date "2024.01.30"]
[Round "3"]
[White "Sajith_Peiris"]
[Black "PushingpawnsNYC"]
[Result "1-0"]
[WhiteElo "2238"]
[BlackElo "2418"]
[TimeControl "180+1"]
[EndTime "8:30:40 PST"]
[Termination "Sajith_Peiris won on time"]

1. e4 e5 2. Nf3 Nc6 3. Bb5 a6 4. Ba4 Nf6 5. O-O d6 6. d4 b5 7. Bb3 Nxd4 8. Nxd4 exd4 9. c3 Be7 10. cxd4 O-O 11. Nd2 Bb7 12. Re1 Re8 13. Bc2 Bf8 14. b3 g6 15. Bb2 Bg7 16. h3 Nh5 17. Nf3 Qd7 18. Qd2 Re7 19. Bc3 Rae8 20. d5 c6 21.
Bxg7 Nxg7 22. dxc6 Bxc6 23. Rad1 Bxe4 24. Bxe4 Rxe4 25.
Rxe4 Rxe4 26. Qxd6 Qe8 27. Qxa6 h6 28. Qb6 Kh7 29. Qd8 Qe6 30. Qd7 Qf6 31. Qxb5 Ne6 32. Qd5 Re2 33. a4 Ra2 34. Qe5 Qe7 35. a5 Qb4 36.
Rd7 Ra1+ 37. Qxa1 1-0

[Event "Early-Titled-Tuesday-Blitz-January-30-2024"]
[Site "Chess.com"]
[Date "2024.01.30"]
[Round "3"]
[White "Doublekk14"]
[Black "ErikRonka"]
[Result "1-0"]
[WhiteElo "2263"]
[BlackElo "2476"]
[TimeControl "180+1"]
[EndTime "8:30:42 PST"]
[Termination "Doublekk14 won by checkmate"]

1. c4 e6 2. e4 c5 3. Nc3 d6 4. Nf3 a6 5. d4 cxd4 6. Nxd4 Nf6 7. Be2 Be7 8. Be3 O-O 9. O-O b6 10. Bf3 Ra7 11. a4 Rd7 12. g3 Bb7 13. a5 bxa5 14. Qa4 Qc7 15. Rfc1 Rc8 16. b3 Bd8 17. h3 Nc6 18. Bg2 Nb4 19. Rd1 Qb8 20. Rac1 Rdc7 21. Nc2 Nxc2 22. Rxc2 Qa8 23. g4 Be7 24. g5 Nxe4 25. Nxe4 Bxe4 26. Bxe4 Qxe4 27. Rcd2 Qe5 28. h4 Qf5 29. Rd4 e5 30. Rxd6 Bxd6 31.
Rxd6 Qg4+ 32. Kf1 Qxh4 33. Qxa5 Qh1+ 34. Ke2 Qb7 35. Rb6 Qe4 36. Qxa6 h6 37. gxh6 gxh6 38. Rxh6 Qc2+ 39. Kf3 Qxb3 40. Qf6 Qb7+ 41. Kg3 Rc6 42. Rh8# 1-0

[Event "Early-Titled-Tuesday-Blitz-January-30-2024"]
[Site "Chess.com"]
[Date "2024.01.30"]
[Round "3"]
[White "YairParkhov"]
[Black "stollenmonster"]
[Result "0-1"]
[WhiteElo "2679"]
[BlackElo "2908"]
[TimeControl "180+1"]
[EndTime "8:30:43 PST"]
[Termination "stollenmonster won by resignation"]

1. e4 c5 2. Nf3 Nf6 3. e5 Nd5 4.
c3 Nc6 5. d4 cxd4 6. cxd4 g6 7.
Bc4 Nb6 8. Bxf7+ Kxf7 9. d5 Nb4 10. Nc3 Bg7 11. a3 Na6 12. O-O Nc7 13. Bg5 h6 14.
Bh4 g5 15. Bg3 e6 16. d6 Ncd5 17. Nd2 Kg8 18. Qh5 Nxc3 19. bxc3 Nd5 20. f4 Ne3 21. Ne4 g4 22. Bh4 Qf8 23. Rae1 Nxf1 24. Qxg4 Qf5 25. Qf3 b6 26. Nf6+ Bxf6 27. Bxf6 Rb8 28. Rxf1 Kh7 29.
g4 Qc2 30. f5 Bb7 31. Qh3 Rhg8 32. g5 Rg6 33. fxg6+ Qxg6 34. Qxh6+ Qxh6 35. gxh6 Kxh6 36. Kf2 Rc8 37. Rg1 Rxc3 38. Rg7 Bc6 39. h4 Rxa3 40. Re7 a5 41. Re8 a4 42. Rh8+ Kg6 43. h5+ Kf5 44. h6 Rh3 45. h7 a3 46. Bg7 Ke4 47. Bh6 Rxh6 48. Ra8 Rxh7 49. Rxa3 Kxe5 50. Ke3 Rh3+ 51.
Kd2 Rxa3 0-1

[Event "Early-Titled-Tuesday-Blitz-January-30-2024"]
[Site "Chess.com"]
[Date "2024.01.30"]
[Round "3"]
[White "GAO"]
[Black "PetrolulSah"]
[Result "1-0"]
[WhiteElo "2413"]
[BlackElo "2185"]
[TimeControl "180+1"]
[EndTime "8:30:43 PST"]
[Termination "GAO won by resignation"]

1. e4 Nf6 2. e5 Nd5 3. Nc3 Nxc3 4. dxc3 d6 5. Nf3 g6 6. Bc4 Bg7 7. O-O O-O 8. Bf4 Nc6 9. Re1 Bg4 10. exd6 exd6 11. h3 Bd7 12. Nd4 Ne5 13. Bf1 a6 14. a4 c5 15. Nf3 Nxf3+ 16. Qxf3 Bc6 17. Qd3 d5 18. g3 b5 19. axb5 axb5 20. Rxa8 Qxa8 21.
Bd6 c4 22. Qd2 Re8 23. Bg2 Rxe1+ 24. Qxe1 d4 25. Bxc6 Qxc6 26. Qe7 h5 27. cxd4 Bxd4 28. Qf8+ Kh7 29. Qxf7+ Kh8 30. Qxg6 Qf3 31. Qh6+ Kg8 32. Qg5+ Kh7 33. Qe7+ Kg8 34. Qg5+ Kh7 35. Qf4 Bxf2+ 36. Kh2 Qxf4 37. Bxf4 Bd4 38. b3 Kg6 39. Kg2 Kf5 40. Kf3 Bb2 41. g4+ Kg6 42. Ke4 Bg7 43. Kd5 cxb3 44. cxb3 Bf8 45. Kc6 b4 46. Kb5 hxg4 47.
hxg4 Be7 48. Kc4 Bf8 49. Bd2 Bg7 50. Kxb4 Bd4 51. Kc4 1-0

[Event "Early-Titled-Tuesday-Blitz-January-30-2024"]
[Site "Chess.com"]
[Date "2024.01.30"]
[Round "3"]
[White "sofaceindisguise"]
[Black "BogdanDeac"]
[Result "0-1"]
[WhiteElo "2778"]
[BlackElo "3093"]
[TimeControl "180+1"]
[EndTime "8:30:44 PST"]
[Termination "BogdanDeac won by resignation"]

1. d4 Nf6 2. c4 g6 3. Nc3 Bg7 4. e4 d6 5. Be2 O-O 6. Be3 a5 7. h4 h5 8. Nf3 Nc6 9. O-O Bg4 10. Rc1 Nd7 11. Ng5 Nf6 12. f3 Bd7 13. d5 Ne5 14. c5 c6 15. cxd6 exd6 16. dxc6 Bxc6 17. Qd4 Qe7 18. Rfd1 Rfd8 19. Qb6 d5 20. exd5 Ned7 21. Qd4 Nxd5 22. Nxd5 Bxd5 23. Qd2 Nf6 24. Bc5 Qe8 25. Qc2 Rac8 26. Qd2 Bxa2 27. Qe1 Rxd1 28. Qxd1 Rd8 29. Qe1 Bd5 30. Bf2 a4 31.
Bf1 Qxe1 32. Rxe1 Nd7 33. Re7 Bxb2 34. Bb5 a3 35. Bxd7 a2 36. Be8 a1=Q+ 37. Kh2 Bf6 38. Bxf7+ Bxf7 39. Nxf7 Bxe7 40. Nxd8 Bxd8 41. Bg3 0-1

[Event "Early-Titled-Tuesday-Blitz-January-30-2024"]
[Site "Chess.com"]
[Date "2024.01.30"]
[Round "3"]
[White "ViIIagra"]
[Black "Korchmar_Vasiliy"]
[Result "1/2-1/2"]
[WhiteElo "2945"]
[BlackElo "2720"]
[TimeControl "180+1"]
[EndTime "8:30:44 PST"]
[Termination "Game drawn by repetition"]

1. g3 d5 2. Bg2 g6 3. c4 c6 4. Qc2 Bg7 5. cxd5 cxd5 6. Bxd5 Nf6 7. Bg2 O-O 8. Nc3 Nc6 9. Nf3 Bg4 10. Qd1 e5 11. d3 Nd4 12. O-O Nxf3+ 13. exf3 Bf5 14.
Ne4 Nd5 15. Qb3 Nb6 16. Nc5 Qe7 17. Be3 Rfd8 18. Rac1 Nd5 19. Nxb7 Rab8 20. Nxd8 Rxb3 21. Nc6 Qb7 22. axb3 Nxe3 23. fxe3 Bxd3 24. Rfd1 Qxb3 25. Na5 Qb5 26. Nc6 e4 27. fxe4 Bxb2 28. Nd4 Qa6 29. Rc6 Qa3 30. Kh1 Kg7 31. e5 Bf5 32. Rc7 Bxd4 33.
exd4 a5 34. Bd5 Kh6 35. Rxf7 Qe3 36. Rc7 Be4+ 37. Bxe4 Qxe4+ 38. Kg1 Qe3+ 39. Kf1 Qf3+ 40. Ke1 Qe3+ 41. Kf1 Qf3+ 42. Ke1 Qe3+ 43. Kf1 1/2-1/2

[Event "Early-Titled-Tuesday-Blitz-January-30-2024"]
[Site "Chess.com"]
[Date "2024.01.30"]
[Round "3"]
[White "tomesao"]
[Black "Aslanov_Umid"]
[Result "0-1"]
[WhiteElo "2478"]
[BlackElo "2664"]
[TimeControl "180+1"]
[EndTime "8:30:44 PST"]
[Termination "Aslanov_Umid won on time"]

1. Nf3 d5 2. c4 e6 3. g3 Nf6 4. Bg2 dxc4 5. Qa4+ Bd7 6. Qxc4 c5 7. O-O Bc6 8. d3 Nbd7 9. Qc2 Be7 10. Nc3 O-O 11.
Bf4 b5 12. a4 a6 13. Nd2 Bxg2 14. Kxg2 Qb6 15. Nde4 Rfc8 16. Rfc1 Nxe4 17. Nxe4 Nf6 18.
Nxf6+ Bxf6 19. Be3 Qb7+ 20. Kg1 c4 21. axb5 axb5 22. Rxa8 Qxa8 23. dxc4 bxc4 24. b3 c3 25. b4 Qd5 26. Rb1 Rb8 27. Rb3 Qc4 28. Bc5 Rd8 29. Be3 Rb8 30. Bc5 Ra8 31. Be3 Ra1+ 32. Kg2 Qd5+ 33. f3 Qb5 34. Kf2 g6 35. Kg2 h5 36.
Kf2 Kg7 37. Kg2 Qa4 38. Kf2 Ra2 39. Qb1 c2 40. Qc1 Qxb3 0-1

[Event "Early-Titled-Tuesday-Blitz-January-30-2024"]
[Site "Chess.com"]
[Date "2024.01.30"]
[Round "3"]
[White "korkmaz16"]
[Black "PolandHussars"]
[Result "1-0"]
[WhiteElo "2461"]
[BlackElo "2602"]
[TimeControl "180+1"]
[EndTime "8:30:44 PST"]
[Termination "korkmaz16 won by checkmate"]

1. d4 Nf6 2. c4 c5 3. d5 e6 4. Nc3 exd5 5. cxd5 d6 6. Nf3 g6 7. Bg5 h6 8. Bh4 a6 9. a4 g5 10. Bg3 Nh5 11. e3 Bg7 12. Be2 Nxg3 13. hxg3 Nd7 14. Qc2 Nf6 15. Nd2 O-O 16. a5 Re8 17. O-O Bd7 18. Nc4 Bb5 19. Nxb5 axb5 20. Nb6 b4 21. Nxa8 Qxa8 22. Bc4 Ne4 23. a6 bxa6 24. Rxa6 Qd8 25.
Rfa1 Nf6 26. Ra8 Qxa8 27. Rxa8 Rxa8 28. f3 Nd7 29. Kh2 Ne5 30. Bb5 Ra2 31. Qf5 Rxb2 32.
f4 gxf4 33. gxf4 Ng6 34. Qc8+ Bf8 35. Be8 b3 36. Qd7 Nh8 37. Qg4+ Ng6 38. f5 h5 39.
Qg3 Bg7 40. Bxf7+ Kxf7 41. Qxg6+ Kf8 42. f6 Bxf6 43. Qxf6+ Ke8 44. Qxb2 c4 45. Qc3 b2 46. Qxb2 h4 47. Qc3 h3 48. Kxh3 Ke7 49. Qxc4 Kf6 50. Qf4+ Kg6 51. Qxd6+ Kh5 52. Qe5+ Kg6 53. Qg3+ Kh6 54. d6 Kh5 55. Qg4+ Kh6 56. d7 Kh7 57. d8=Q Kh6 58. Qh8# 1-0

[Event "Early-Titled-Tuesday-Blitz-January-30-2024"]
[Site "Chess.com"]
[Date "2024.01.30"]
[Round "3"]
[White "AttilaTurzo"]
[Black "DreamsAreFake"]
[Result "0-1"]
[WhiteElo "2505"]
[BlackElo "2723"]
[TimeControl "180+1"]
[EndTime "8:30:46 PST"]
[Termination "DreamsAreFake won on time"]

1. e4 c6 2. d4 d5 3. Nc3 dxe4 4. Nxe4 Nf6 5. Nxf6+ exf6 6. c3 Bf5 7. Bd3 Bxd3 8.
Qxd3 Bd6 9. Ne2 O-O 10. O-O Re8 11. Be3 Na6 12. Rad1 Qd7 13. Rfe1 Rad8 14. Ng3 Nc7 15. Ne4 Bf8 16. c4 f5 17. Nc3 g6 18. d5 cxd5 19.
Nxd5 Nxd5 20. cxd5 Re5 21. Bxa7 Qxd5 22. Qxd5 Rdxd5 23.
Be3 Bg7 24. b3 h5 25. Kf1 Bf6 26. Bf4 Rxe1+ 27. Kxe1 Rc5 28. Rc1 Ra5 29. Rc2 g5 30. Bd2 Re5+ 31. Kf1 Rd5 32. h3 f4 33. f3 Kg7 34.
Ke2 Kg6 35. Be1 Be5 36. Bf2 Rd6 37. Rc5 f6 38. Rb5 Rd7 39. a4 Kf5 40. Be1 Rc7 41. Kd3 Rc1 42. Ke2 Rc2+ 43. Bd2 Rc7 44. Kd3 Ke6 45.
Ke2 Rd7 0-1

[Event "Early-Titled-Tuesday-Blitz-January-30-2024"]
[Site "Chess.com"]
[Date "2024.01.30"]
[Round "3"]
[White "Cambek64"]
[Black "manitodeplomo"]
[Result "0-1"]
[WhiteElo "2502"]
[BlackElo "2698"]
[TimeControl "180+1"]
[EndTime "8:30:46 PST"]
[Termination "manitodeplomo won on time"]

1. d4 g6 2. Nf3 Bg7 3. e4 c5 4. d5 d6 5. Nc3 Nf6 6. Bb5+ Bd7 7. a4 Bxb5 8. axb5 Nbd7 9. h3 O-O 10.
O-O Ne8 11. Bf4 Nc7 12. Qd2 Nb6 13. b3 Qd7 14. Bh6 Nxb5 15. Bxg7 Kxg7 16. Ra5 Nc7 17.
Rfa1 Nc8 18. e5 b6 19. R5a4 h6 20. Rh4 Rh8 21. Ne4 f6 22. e6 Qe8 23. Ng3 a5 24.
Rg4 h5 25. Rh4 Rh6 26. c4 a4 27. bxa4 Rxa4 28. Rc1 b5 29. cxb5 Qxb5 30. Rxa4 Qxa4 31. Rb1 Qa8 32. Rd1 Nb6 33. Nh4 Kh7 34. Ngf5 gxf5 35. Nxf5 Rg6 36. Nxe7 Rg5 37. f4 Rg7 38. Qc2+ Kh8 39.
Qf5 Nbxd5 40. Nxd5 Nxd5 0-1

[Event "Early-Titled-Tuesday-Blitz-January-30-2024"]
[Site "Chess.com"]
[Date "2024.01.30"]
[Round "3"]
[White "MKlose11"]
[Black "Luklei18"]
[Result "1-0"]
[WhiteElo "2645"]
[BlackElo "2456"]
[TimeControl "180+1"]
[EndTime "8:30:46 PST"]
[Termination "MKlose11 won by checkmate"]

1. e4 e6 2. Nf3 d5 3. e5 c5 4. b4 d4 5. bxc5 Bxc5 6. c3 Nc6 7. Bb5 Bd7 8. Qe2 a6 9. Bd3 Nge7 10. O-O Ng6 11. g3 Qc7 12. Re1 b5 13. Ba3 Bxa3 14.
Nxa3 dxc3 15. dxc3 Qa5 16. Nc2 Qxc3 17. Rac1 Qa5 18.
h4 O-O 19. h5 Nge7 20. Bxh7+ Kxh7 21. Qd3+ Kg8 22. Ng5 g6 23. hxg6 Nxg6 24. Qxd7 Ncxe5 25. Qd1 Rad8 26. Qh5 Kg7 27. Qh7+ Kf6 28. Ne4+ Ke7 29. Ne3 Rh8 30. Qg7 Nf3+ 31. Kf1 Rh1+ 32. Kg2 Nxe1+ 33. Kxh1 Rh8+ 34. Kg1 Nf3+ 35. Kg2 Nfe5 36. Qf6+ Kd7 37. Nc5+ Kc6 38. Nxe6+ Kb7 39. Nc5+ Ka7 40. Nd7 Qd2 41. Qb6+ Ka8 42. Qxa6# 1-0

[Event "Early-Titled-Tuesday-Blitz-January-30-2024"]
[Site "Chess.com"]
[Date "2024.01.30"]
[Round "3"]
[White "Roosters19"]
[Black "IlanSchnaider"]
[Result "0-1"]
[WhiteElo "2309"]
[BlackElo "2654"]
[TimeControl "180+1"]
[EndTime "8:30:48 PST"]
[Termination "IlanSchnaider won by checkmate"]

1. d4 d5 2. Nf3 Nf6 3. Bf4 c5 4. e3 e6 5. Nbd2 Bd6 6. Bg3 Qc7 7. c3 Nbd7 8. Bd3 b6 9. Qe2 Bb7 10. dxc5 Nxc5 11. Bb5+ Bc6 12. Nd4 Bd7 13. a4 h6 14.
O-O Bxg3 15. hxg3 e5 16. Bxd7+ Qxd7 17. Nb5 a6 18. Na3 O-O 19. b3 Rac8 20. Rac1 Nfe4 21.
Nxe4 dxe4 22. Rfd1 Nd3 23. Rb1 Rxc3 24. Nc4 b5 25. Qd2 b4 26. Nxe5 Qf5 27. Nc4 Qf6 28.
Rf1 Rc8 29. f3 Qg5 30. fxe4 Qxg3 31. Rf3 Qg6 32. e5 Nxe5 33. Nxe5 Qxb1+ 34. Kh2 Qe4 35. Nc4 Rc2 36. Qd1 R2xc4 37. bxc4 Qxc4 38. Rf4 Qc5 39. Qb3 Qh5+ 40. Kg3 Qg6+ 41. Kf3 a5 42. g4 Rc3 43.
Qd5 Qe6 44. Qa8+ Kh7 45. Re4 Qf6+ 46. Rf4 Qg6 47. Qxa5 Qc6+ 48. Kf2 Rc2+ 49. Kg3 Qg2+ 50. Kh4 Qh2# 0-1

[Event "Early-Titled-Tuesday-Blitz-January-30-2024"]
[Site "Chess.com"]
[Date "2024.01.30"]
[Round "3"]
[White "Vsevolod_Ovchinnikov"]
[Black "lucliasco"]
[Result "0-1"]
[WhiteElo "2617"]
[BlackElo "2886"]
[TimeControl "180+1"]
[EndTime "8:30:49 PST"]
[Termination "lucliasco won by resignation"]

1. g3 Nf6 2. Bg2 d5 3. c4 c6 4. Nf3 Bf5 5. b3 e6 6. Bb2 Be7 7. O-O O-O 8. d3 Nbd7 9. Nbd2 h6 10. a3 a5 11. Bc3 b5 12. cxb5 cxb5 13. b4 axb4 14. axb4 Qc7 15. Qb3 Rxa1 16. Rxa1 Rc8 17.
Rc1 Qb6 18. Qb2 Bf8 19. Nb3 Ne8 20. h3 Bh7 21. Bf1 f6 22. Bd4 Qb8 23. Rxc8 Qxc8 24. Na5 e5 25. Bc3 d4 26. Be1 Kh8 27. h4 Nb6 28.
Kh2 Na4 29. Qb1 Nc3 30. Qb2 Bf5 31. Nd2 Nc7 32. f3 N7d5 33. Ne4 Bxe4 34. dxe4 Nxb4 35.
Nb3 Nba2 36. Nc1 Nxc1 37. Qxc1 b4 38. e3 Bc5 39. exd4 Bxd4 40. Qc2 Qe6 41. Bd3 b3 42. Qb2 Nd1 43. Qd2 Ne3 44. Qb4 b2 45. Qb8+ Qg8 46. Qxg8+ Kxg8 47. Bd2 Nf1+ 48. Kg2 Nxd2 0-1